 Dungeon Crawl Stone Soup version 0.30-a0-586-g23e55c9e0a (webtiles) character file.

Game seed: 13904788341039008445

539 Dartaoz the Shooter (level 7, -5/61 HPs)
             Began as a Minotaur Hunter on Jan 2, 2023.
             Was a Follower of Okawaru.
             Killed from afar by a steam dragon (20 damage)
             ... with a ball of steam
             ... on level 4 of the Dungeon on Jan 3, 2023.
             The game lasted 00:25:18 (4328 turns).

Dartaoz the Shooter (Minotaur Hunter)               Turns: 4328, Time: 00:25:19

Health: -5/61      AC:  9    Str: 15    XL:     7   Next: 5%
Magic:  6/6        EV: 12    Int:  6    God:    Okawaru [*.....]
Gold:   187        SH:  0    Dex: 16    Spells: 6/6 levels left

rFire   . . .      SeeInvis .    a - +1 shortbow (heavy)
rCold   . . .      Faith    .    (shield currently unavailable)
rNeg    . . .      Spirit   .    j - +0 ring mail
rPois   .          Reflect  .    (helmet restricted)
rElec   .          Harm     .    t - +0 cloak
rCorr   .          Rampage  .    i - +1 pair of gloves
Will    .....                    (no boots)
Stlth   +                        (no amulet)
HPRegen 0.30/turn                (no ring)
MPRegen 0.10/turn                (no ring)

@: no status effects
A: horns 2, retaliatory headbutt
a: Renounce Religion, Heroism


You were on level 4 of the Dungeon.
You worshipped Okawaru.
Okawaru was aware of your devotion.
You visited 2 branches of the dungeon, and saw 6 of its levels.

You collected 187 gold pieces.

Inventory:

Hand Weapons
 a - a +1 heavy shortbow (weapon)
Armour
 c - a +0 leather armour
 i - a +1 pair of gloves (worn)
 j - a +0 ring mail (worn)
 t - a +0 cloak (worn)
Scrolls
 b - a scroll of immolation
 g - a scroll of torment
 o - a scroll of magic mapping
 q - a scroll of teleportation
Potions
 e - 2 potions of degeneration
 f - 2 potions of curing
 k - a potion of magic
 m - a potion of berserk rage
 n - a potion of flight
 p - a potion of resistance {unknown}
 s - a potion of haste {unknown}


   Skills:
 + Level 5.0 Fighting
 + Level 6.0 Ranged Weapons
 + Level 4.0 Armour
 + Level 4.5 Dodging
 - Level 1.0 Stealth


You had 6 spell levels left.
You didn't know any spells.
Your spell library contained the following spells:

 Spells                   Type           Power      Damage    Failure   Level
 Foxfire                  Conj/Fire      0%         2x1d4     67%         1
 Sandblast                Erth           0%         2d4       67%         1
 Blink                    Tloc           0%         N/A       80%         2
 Momentum Strike          Conj/Tloc      0%         3d8       80%         2
 Passwall                 Tmut/Erth      0%         N/A       80%         2
 Lesser Beckoning         Tloc           0%         N/A       95%         3
 Stone Arrow              Conj/Erth      0%         3d7       95%         3
 Fireball                 Conj/Fire      0%         3d3       100%        5
 Starburst                Conj/Fire      0%         6d3       100%        6


Dungeon Overview and Level Annotations

Branches:
Dungeon (5/15)             Temple (1/1) D:4

Altars:
Ashenzari
Cheibriados
Dithmenos
Nemelex Xobeh
Okawaru
Qazlal
Trog
Vehumet
The Shining One

Shops:
D:2 [


Innate Abilities, Weirdness & Mutations

You have a pair of horns on your head.
You reflexively headbutt those who attack you in melee.


Message History

The hound closely misses you. You furiously retaliate!
You headbutt the hound, but do no damage.
You shoot an arrow. The arrow hits the hound!
The hound is severely wounded.
The hound pauses to sniff the ground.
The hound bites you. x2
The orc hits you from afar with a +0 trident.
* * * LOW HITPOINT WARNING * * *
The hound bites you but does no damage. The hound closely misses you.
You furiously retaliate!
You headbutt the hound. The hound attacks as you move away!
The hound bites you but does no damage. The hound bites you.
* * * LOW HITPOINT WARNING * * *
The hound barely misses you. The hound attacks as you move away!
The hound bites you.
* * * LOW HITPOINT WARNING * * *
The hound stops to sniff the ground.
The hound attacks as you move away! The hound misses you. The hound bites you.
* * * LOW HITPOINT WARNING * * *
There is a stone staircase leading up, spattered with blood here.
The hound misses you.
You climb upwards.
Level annotation: exclusion: steam dragon Reactivating autopickup.
There is a stone staircase leading down here.
You shoot an arrow. The arrow misses the hound.
The hound bites you but does no damage. The hound misses you.
The hound closely misses you.
You shoot an arrow. The arrow hits the hound.
You kill the hound!
Okawaru accepts your kill.
You hear an angry hiss.
Your Fighting skill increases to level 5!
Your Armour skill increases to level 4!
You have reached level 7!
You start resting.
A steam dragon is nearby!
The steam dragon breathes steam at you. The ball of steam hits you!!
You die...

##### ##...## ####### ###
####.###.## #...... ##.## #...##
##.#######.####. #####...###.#.#
#.............. .........##.#.##
##.#######.####.
.####...###.##.###.########.####.
.# ##.####.###..>###............
.##
#.##.......@ยงยง...####..####.
#.####.##..####..###D.####..####.
##.....##..# #..# #..#........<.
#.###..##..####..###..#.##..#####
.## #.......................## #
## #.###..########..........####
#.# #..# #...#.##.......
#####.###..###### #...#....#D##..
................# #...#..#.#,*#.#


There were no monsters in sight!

Vanquished Creatures
  An ice beast (D:5)
  A phantom (D:4)
  A scorpion (D:4)
  A killer bee (D:4)
  3 hounds (D:4)
  Crazy Yiuf (D:3)
  Jessica (D:2)
  An iguana (D:4)
  Robin (D:1)
  2 adders (D:2)
  A worm (D:2)
  A dart slug (D:2)
  9 endoplasms
  3 giant cockroaches
  16 goblins
  6 hobgoblins
  3 jackals (D:2)
  4 kobolds
  3 quokkas
  2 ball pythons (D:1)
  6 bats
  6 frilled lizards
  10 rats
83 creatures vanquished.

Vanquished Creatures (others)
  A fungus (D:3)
1 creature vanquished.

Grand Total: 84 creatures vanquished

Notes
Turn   | Place    | Note
-------+----------+-------------------------------------------
     0 | D:1      | Dartaoz the Minotaur Hunter began the quest for the Orb.
     0 | D:1      | Reached XP level 1. HP: 18/18 MP: 0/0
    91 | D:1      | Reached skill level 1 in Stealth
    96 | D:1      | Reached XP level 2. HP: 16/25 MP: 1/1
   345 | D:1      | Found a faded altar of an unknown god.
  1073 | D:2      | Found Bouwninn's Armour Shoppe.
  1079 | D:2      | Reached skill level 1 in Armour
  1165 | D:1      | Reached XP level 3. HP: 31/31 MP: 2/2
  1227 | D:2      | Noticed Robin
  1323 | D:1      | Killed Robin
  1511 | D:2      | Found a bloodstained altar of Trog.
  1619 | D:2      | Reached XP level 4. HP: 29/38 MP: 3/3
  1672 | D:2      | Reached skill level 5 in Ranged Weapons
  2324 | D:2      | Noticed Jessica
  2327 | D:2      | Killed Jessica
  2945 | D:3      | Found a runed translucent door.
  2946 | D:3      | Noticed Crazy Yiuf
  2953 | D:3      | Killed Crazy Yiuf
  2954 | D:3      | Reached XP level 5. HP: 29/46 MP: 4/4
  3215 | D:4      | Found a staircase to the Ecumenical Temple.
  3302 | Temple   | Entered the Ecumenical Temple
  3566 | Temple   | Became a worshipper of Warmaster Okawaru
  3625 | D:4      | Reached XP level 6. HP: 37/53 MP: 5/5
  3771 | D:4      | Noticed a steam dragon
  4291 | D:5      | Entered Level 5 of the Dungeon
  4303 | D:5      | Noticed an ice beast
  4310 | D:5      | Killed an ice beast
  4310 | D:5      | Reached * piety under Okawaru
  4311 | D:5      | Reached skill level 6 in Ranged Weapons
  4325 | D:4      | Reached skill level 5 in Fighting
  4325 | D:4      | Reached XP level 7. HP: 14/61 MP: 6/6
  4328 | D:4      | Killed from afar by a steam dragon

Illustrated notes

Levels and vault maps discovered:
D:1:      psy_arrival_basics, layout_basic, hellmonk_ecumenical_altar_zigzags
D:2:      layout_basic, serial_shops, shop, serial_co_window_serial,
          co_window_paths_a, co_window_corner_a, co_window_of_opportunity_a,
          co_window_of_opportunity_a, co_window_paths_b, co_window_cross_1,
          co_window_corner_a, co_window_broadway_b, co_window_broadway_a,
          co_window_corner_b, co_window_paths_c, co_window_broadway_b,
          co_window_2corner, glass_columns_c, glass_columns_a, glass_columns_a,
          glass_columns_a, glass_columns_a, basic_altar, uniq_jessica,
          uniq_robin
D:3:      layout_rooms, amcnicky_mini_rare_corridor_liquid, dk_noncrumbling_2,
          uniq_crazy_yiuf_cottage
D:4:      layout_loops_ring, minmay_temple_entry_junction_2, minmay_cupped
D:5:      minmay_razor_zed, layout_basic, lemuel_round_altar, serial_glass,
          glass_columns_a, glass_columns_c, cheibrodos_sewer_entry_bend
Temple:   nicolae_temple_bog_church

Skill      XL: |  1  2  3  4  5  6 |
---------------+-------------------+-----
Stealth        | 1 |  1.0
Fighting       | 3 4 5 |  5.0
Armour         | 1 2 3 4 |  4.0
Dodging        | 3 4 |  4.5
Ranged Weapons | 5 6 |  6.0

Action                   |  1- 3 |  4- 6 |  7- 9 || total
-------------------------+-------+-------+-------++-------
 Fire: Shortbow          |   130 |   126 |       ||   256
  Use: Scroll            |       |    15 |       ||    15
       Potion            |       |     1 |       ||     1
Armor: Ring mail         |    26 |    34 |       ||    60
       Leather armour    |     3 |       |       ||     3
Dodge: Dodged            |    47 |    52 |       ||    99

Table legend: (Time is in decaauts)
 A = Elapsed time spent in this place.
 B = Non-inter-level travel time spent in this place.
 C = Inter-level travel time spent in this place.
 D = Time resting spent in this place.
 E = Time spent auto-exploring this place.
 F = Levels seen in this place.
 G = Mean time per level.
                   A        B        C        D        E       F      G
               +--------+--------+--------+--------+--------+-----+--------+
         Total |   4435 |   4399 |     36 |    428 |   3016 |   6 |  739.2 |
       Dungeon |   4152 |   4116 |     36 |    428 |   2832 |   5 |  830.4 |
        Temple |    283 |    283 |      0 |      0 |    184 |   1 |  283.0 |
               +--------+--------+--------+--------+--------+-----+--------+

Top non-repeatable levels by time:
     D:2: 1383 daAuts
     D:1: 1111 daAuts
     D:4: 982 daAuts
     D:3: 638 daAuts
  Temple: 283 daAuts
     D:5: 37 daAuts
